Map: Rainfall LE

Players

MuRiLa

  • Race: Terran Terran
  • League: Diamond

Altik - Winner!

  • Race: Protoss Protoss
  • League: Diamond

VOD

Have the link to the VOD?

Description

Time

  • Played on: Aug. 6, 2026, 2 p.m.
  • Length: 16:52
Show
View Real Time Build Order
Export as new Build Order

MuRiLa Terran 

Build Orders: Cyclone Opening 

Get SALT Encoding   

  8  0:02  SCV  
  10  0:14  SCV  
  10  0:26  SCV  
  11  0:30  Supply Depot  
  11  0:38  SCV  
  12  0:50  SCV  
  12  0:54  Barracks  
  13  1:00  Refinery  
  13  1:06  SCV  
  14  1:14  Refinery  
  14  1:18  SCV  
  15  1:30  SCV  
  16  1:43  Reaper  
  16  1:46  Orbital Command  
  17  2:03  Factory  
  17  2:13  Supply Depot  
  17  2:18  SCV  
  18  2:26  Barracks Tech Lab  
  18  2:30  SCV  
  19  2:42  SCV  
  20  2:54  Cyclone, SCV  
  24  2:59  Starport  
  24  3:01  Supply Depot  
  24  3:07  SCV  
  25  3:19  SCV  
  26  3:20  Barracks Tech Lab  
  26  3:31  SCV  
  27  3:38  Liberator  
  30  3:47  SCV  
  31  3:50  Widow Mine  
  33  3:55  Command Center  
  33  3:57  Supply Depot  
  32  4:21  SCV  
  32  4:23  Medivac  
  35  4:24  Widow Mine  
  35  4:30  Stimpack  
  37  4:33  SCV  
  37  4:35  Barracks  
  38  4:45  SCV  
  39  4:46  Widow Mine  
  41  4:55  Barracks  
  41  4:57  SCV  
  42  5:09  SCV  
  43  5:21  SCV  
  44  5:34  SCV, Orbital Command  
  45  5:46  SCV, Barracks Reactor, Barracks Tech Lab  
  45  5:47  Starport Reactor  
  45  5:48  Siege Tank  
  44  5:53  Command Center, Marauder  
  44  5:58  SCV  
  45  6:13  SCV  
  45  6:14  SCV  
  47  6:19  Combat Shield  
  47  6:20  Concussive Shells  
  47  6:21  Widow Mine, Marauder  
  51  6:26  SCV  
  51  6:30  Engineering Bay, Refinery  
  50  6:39  SCV x2  
  52  6:40  Marine x2, Marauder  
  52  6:42  Widow Mine  
  58  6:48  Marauder  
  58  6:51  SCV x2  
  62  6:58  Medivac x2  
  66  7:04  Marine x2  
  66  7:05  Marauder, Supply Depot  
  70  7:10  Marauder  
  70  7:12  Supply Depot  
  70  7:13  Supply Depot  
  72  7:16  Supply Depot  
  72  7:18  Orbital Command  
  72  7:22  Marine x2  
  74  7:24  Siege Tank  
  74  7:26  Marine  
  78  7:30  Marine  
  77  7:43  Marine x2  
  77  7:44  Marauder  
  77  7:46  Medivac  
  77  7:48  SCV x3  
  77  7:49  Marauder  
  84  7:51  Refinery  
  84  7:55  Terran Infantry Weapons Level 1  
  84  8:00  SCV  
  84  8:01  Marine x2  
  89  8:05  Marauder  
  89  8:06  SCV x2  
  89  8:12  SCV, Supply Depot  
  92  8:17  Supply Depot  
  92  8:18  SCV  
  92  8:19  SCV  
  94  8:24  SCV  
  95  8:30  SCV  
  96  8:37  Marine x2, Marauder x2  
  102  8:42  Barracks  
  102  8:45  Barracks  
  102  8:53  Engineering Bay  
  102  8:54  Supply Depot, Marine  
  102  8:55  Marine  
  104  8:59  Marauder x2  
  108  9:12  Marine x2  
  110  9:20  Marauder x2  
  110  9:24  Siege Tank, Medivac x2  
  117  9:30  Marine x2  
  123  9:34  Armory  
  123  9:41  Marauder x2  
  124  9:48  Marine  
  107  10:03  Marauder  
  97  10:19  Medivac  
  97  10:20  Medivac, Marine x2  
  97  10:21  Marauder, Orbital Command  
  105  10:22  Barracks Reactor  
  105  10:24  Barracks Tech Lab, Marauder  
  105  10:26  Barracks  
  105  10:32  SCV x2  
  107  10:36  Siege Tank  
  107  10:38  Marine x2  
  107  10:42  Marauder  
  114  10:44  SCV x2  
  114  10:45  Marauder  
  114  10:47  Starport  
  118  10:51  Fusion Core  
  118  10:52  Supply Depot  
  118  10:56  SCV, Supply Depot  
  119  10:57  SCV x2  
  119  11:03  Marauder  
  123  11:07  Marauder  
  123  11:08  SCV  
  123  11:09  SCV x2  
  123  11:10  Marine x3, Marauder  
  133  11:15  Supply Depot  
  133  11:20  SCV  
  133  11:25  Marauder, Barracks Tech Lab  
  136  11:27  Missile Turret  
  136  11:28  Starport Reactor  
  136  11:29  Missile Turret  
  136  11:30  Liberator x2  
  142  11:34  Marine x4, Marauder x2  
  142  11:37  Refinery  
  142  11:38  Caduceus Reactor  
  150  11:40  Refinery  
  150  11:41  Supply Depot  
  150  11:46  Marauder  
  152  11:49  Terran Infantry Armor Level 1  
  152  11:51  Marine  
  153  11:57  SCV  
  153  11:58  SCV x2  
  156  12:09  SCV  
  156  12:10  SCV x2  
  156  12:14  Marine x4, Marauder x3  
  156  12:15  Marauder  
  171  12:25  Command Center  
  171  12:29  Terran Infantry Weapons Level 2  
  171  12:31  Marine x2  
  171  12:32  Marine  
  171  12:35  Advanced Ballistics  
  175  12:37  Marauder  
  175  12:38  Missile Turret, Marauder  
  175  12:40  Marauder x2  
  173  12:51  SCV x2  
  175  12:54  Supply Depot  
  175  12:59  Marine x2  
  175  13:00  Viking, Marauder x2  
  183  13:13  Marine x2  
  183  13:14  SCV  
  183  13:15  SCV x2, Marauder, Medivac x2, Liberator  
  183  13:16  Marauder  
  153  13:31  Marine x2  
  153  13:32  Marine x2, Marauder x2  
  142  13:36  Marauder  
  142  13:37  Marauder  
  142  13:39  Medivac  
  133  13:45  Medivac x2  
  137  13:48  Planetary Fortress  
  137  13:49  Marine  
  137  13:52  Refinery  
  137  13:53  Marauder x2  
  137  13:55  SCV x3  
  145  14:00  Terran Infantry Armor Level 2  
  145  14:02  Marine x2, Marauder  
  149  14:03  Marine  
  149  14:07  SCV x2  
  154  14:10  Widow Mine  
  154  14:11  Liberator x2  
  160  14:19  Missile Turret  
  160  14:25  Missile Turret, Medivac x2  
  166  14:31  Widow Mine  
  166  14:39  SCV x2  
  166  14:40  Refinery, SCV  
  166  14:42  SCV  
  170  14:53  Liberator  
  170  14:58  Marine x4, Marauder  
  170  14:59  Marauder x3  
  185  15:01  Widow Mine  
  185  15:02  Liberator x2  
  185  15:03  Command Center  
  193  15:13  Command Center  
  193  15:16  Marine x2  
  193  15:20  Marauder x2  
  199  15:21  Marine  
  129  16:01  Marine x4, Marauder x3  
  129  16:02  Marauder  
  130  16:06  Medivac x2  
  134  16:18  Marine  
  134  16:19  Marine x2  
  134  16:22  Starport Reactor  
  134  16:23  Marauder x3  
  143  16:31  Missile Turret  
Show
View Real Time Build Order
Export as new Build Order

Altik Protoss - Winner!

Build Orders:  

Get SALT Encoding   

  8  0:00  Probe (Chrono Boost)  
  9  0:12  Probe (Chrono Boost)  
  10  0:20  Probe (Chrono Boost)  
  11  0:27  Probe  
  12  0:34  Pylon  
  12  0:39  Probe  
  13  0:52  Probe (Chrono Boost)  
  13  0:55  Gateway  
  14  1:05  Probe (Chrono Boost)  
  15  1:14  Probe (Chrono Boost), Assimilator  
  16  1:19  Probe  
  17  1:31  Probe  
  18  1:43  Probe  
  19  1:47  Cybernetics Core  
  19  1:55  Probe  
  20  2:03  Pylon  
  20  2:07  Probe  
  21  2:13  Nexus  
  21  2:21  Probe  
  22  2:24  Stalker  
  24  2:32  Assimilator  
  24  2:33  Probe  
  24  2:35  Warp Gate  
  25  2:45  Probe  
  26  2:53  Gateway  
  26  2:57  Probe  
  27  2:59  Pylon  
  27  3:09  Probe  
  27  3:19  Shield Battery  
  27  3:21  Probe  
  27  3:22  Stalker  
  31  3:27  Probe  
  31  3:42  Stargate  
  31  3:43  Probe  
  31  3:44  Probe  
  33  3:49  Sentry  
  35  3:57  Zealot, Pylon, Probe  
  35  3:58  Probe  
  39  4:22  Stalker  
  39  4:23  Probe  
  42  4:26  Oracle  
  42  4:28  Phoenix  
  42  4:29  Probe  
  46  4:35  Probe  
  47  4:41  Probe  
  47  4:47  Probe  
  48  4:53  Probe  
  48  4:59  Probe  
  50  5:03  Twilight Council  
  48  5:17  Probe x2  
  52  5:22  Void Ray  
  54  5:29  Gateway  
  54  5:30  Gateway  
  54  5:33  Probe x2  
  50  5:48  Probe x2  
  40  6:08  Probe x2  
  42  6:20  Probe  
  42  6:21  Probe  
  45  6:32  Probe  
  45  6:33  Probe  
  46  6:42  Forge  
  46  6:44  Forge  
  46  6:45  Probe x2 (Chrono Boost)  
  46  6:47  Assimilator  
  48  6:51  Charge (Chrono Boost)  
  48  6:56  Probe x2 (Chrono Boost)  
  48  6:58  Pylon  
  48  6:59  Nexus  
  48  7:01  Probe x2 (Chrono Boost)  
  50  7:02  Pylon  
  52  7:11  Protoss Ground Weapons Level 1 (Chrono Boost), Probe (Chrono Boost), Protoss Ground Armor Level 1 (Chrono Boost)  
  52  7:12  Probe (Chrono Boost)  
  54  7:15  Pylon  
  54  7:19  Probe x2 (Chrono Boost)  
  54  7:21  Zealot  
  54  7:22  Zealot x2  
  62  7:25  Probe x2  
  64  7:36  Phoenix  
  63  7:45  Probe  
  63  7:46  Probe  
  65  7:52  Void Ray  
  65  7:57  Probe  
  65  7:58  Probe  
  71  7:59  Assimilator  
  71  8:11  Probe x3  
  74  8:22  Gateway x2  
  74  8:26  Templar Archives, Pylon  
  74  8:27  Gateway  
  74  8:34  Probe  
  74  8:35  Probe x2, Oracle  
  80  8:42  Zealot x3  
  80  8:46  Shield Battery  
  80  8:47  Probe x2  
  88  8:49  Probe  
  89  8:56  Pylon  
  89  9:02  Photon Cannon  
  89  9:09  Zealot  
  88  9:10  Zealot x4  
  92  9:27  Pylon  
  92  9:29  Pylon  
  92  9:30  Pylon  
  91  9:32  Pylon  
  91  9:41  Probe  
  91  9:44  Probe  
  87  9:49  Zealot x6  
  87  9:50  Zealot  
  97  9:53  Probe  
  97  9:56  Probe  
  77  10:14  Probe x2  
  77  10:21  Protoss Ground Weapons Level 2 (Chrono Boost), Protoss Ground Armor Level 2 (Chrono Boost)  
  77  10:23  Nexus  
  77  10:29  Void Ray  
  77  10:30  High Templar  
  77  10:31  High Templar x3  
  77  10:32  Zealot x2  
  77  10:35  Probe  
  94  10:36  Probe  
  95  10:45  Pylon  
  95  10:47  Probe  
  95  10:48  Probe  
  97  10:50  High Templar  
  97  10:56  Robotics Facility  
  99  10:59  Probe, Archon  
  99  11:02  Archon, Zealot  
  99  11:03  Zealot x3  
  108  11:08  Probe  
  110  11:11  Probe  
  110  11:19  Zealot x3  
  110  11:20  Zealot x2  
  110  11:24  Probe x2  
  122  11:28  Shield Battery  
  122  11:31  Shield Battery  
  122  11:33  Pylon  
  122  11:36  Probe x2  
  124  11:40  High Templar x2  
  124  11:42  Zealot x2  
  132  11:59  Observer  
  133  12:01  Assimilator  
  133  12:04  Assimilator  
  133  12:05  Pylon  
  133  12:09  High Templar x2, Nexus  
  133  12:10  Zealot  
  133  12:11  Zealot x2  
  143  12:16  Archon  
  143  12:18  Immortal  
  147  12:25  Robotics Bay  
  147  12:38  Zealot x6  
  159  12:44  Protoss Ground Weapons Level 3 (Chrono Boost)  
  159  12:47  Protoss Ground Armor Level 3 (Chrono Boost)  
  159  12:55  Pylon x2  
  159  12:57  Pylon  
  159  13:05  Archon  
  159  13:12  Zealot, Void Ray (Chrono Boost)  
  103  13:34  Immortal (Chrono Boost), Zealot  
  103  13:35  Zealot x6  
  95  13:48  Zealot x3  
  103  13:52  Zealot x3  
  103  13:53  Void Ray (Chrono Boost)  
  115  14:04  Gateway  
  115  14:06  Gateway  
  115  14:10  Gateway, Immortal (Chrono Boost)  
  119  14:19  High Templar x3  
  119  14:21  High Templar  
  119  14:22  Zealot x2  
  119  14:23  Zealot  
  119  14:24  Archon, Extended Thermal Lance  
  133  14:25  Void Ray (Chrono Boost), Archon  
  137  14:38  Probe x4  
  140  14:44  Assimilator  
  141  14:49  Assimilator  
  141  14:50  Probe  
  142  14:53  Photon Cannon  
  142  14:55  Stalker x5  
  152  15:01  Colossus (Chrono Boost)  
  158  15:09  Probe x3  
  158  15:10  Probe  
  162  15:18  Zealot x3  
  162  15:19  Zealot x2  
  172  15:26  High Templar x2  
  172  15:27  Zealot  
  172  15:28  Zealot  
  180  15:31  Archon  
  180  15:49  Zealot x3  
  168  15:50  Zealot x4  
  146  16:12  High Templar x6  
  146  16:14  Zealot x3  
  146  16:15  Nexus  
  146  16:16  Pylon, Archon x2  
  146  16:17  Archon  
  164  16:29  Assimilator  
  164  16:34  Assimilator  
Tags
 
Add a new tag
Caveats
  • Supply blocks, unpowered buildings, or Contaminate may cause inaccurate times.
  • Supply counts are checked every 10 seconds.